 Dungeon Crawl Stone Soup version 0.31-a0-986-g5e6e4ef867 (webtiles) character file.

Game seed: 17783896826145255538

5296 dialectric the Basher (level 10, -2/79 HPs)
             Began as a Demonspawn Fighter on Nov 6, 2023.
             Was a Priest of Nemelex Xobeh.
             Slain by a ghost moth (6 damage)
             ... in a bailey.
             The game lasted 00:17:36 (7954 turns).

dialectric the Basher (Demonspawn Fighter)          Turns: 7954, Time: 00:17:37

Health: -2/79      AC: 12    Str: 17 (19) XL:     10   Next: 37%
Magic:  0/10       EV: 16    Int:  9      God:    Nemelex Xobeh [***...]
Gold:   406        SH:  5    Dex: 14 (15) Spells: 9/9 levels left

rFire   . . .        x - +2 flail (protect)
rCold   . . .        (no shield)
rNeg    . . .        K - +0 steam dragon scales
rPois   .            t - +0 helmet
rElec   .            (no cloak)
rCorr   .            y - +2 pair of gloves
SInv    .            o - +0 pair of boots
Will    .....        C - amulet of reflection
Stlth   +            (no ring)
HPRegen 0.33/turn    (no ring)
MPRegen 0.12/turn

%: reflection
@: no status effects
A: hooves 1, repulsion field 2, demonic guardian 1
a: Renounce Religion, Draw Escape, Draw Destruction, Draw Summoning, Triple Draw


You were in a bailey.
You worshipped Nemelex Xobeh.
Nemelex Xobeh was most pleased with you.
You visited 1 branch of the dungeon, and saw 10 of its levels.
You also visited: Bailey.

You collected 406 gold pieces.

Inventory:

Hand Weapons
 a - a +0 flail
 x - a +2 flail of protection (weapon)
 J - a +3 dire flail
Missiles
 e - 2 poisoned darts
 p - 2 javelins
Armour
 b - a +0 scale mail
 c - a +0 buckler
 o - a +0 pair of boots (worn)
 t - a +0 helmet (worn)
 y - a +2 pair of gloves (worn)
 A - a +0 hat
 K - +0 steam dragon scales (worn)
Jewellery
 C - an amulet of reflection (around neck)
Wands
 q - a wand of flame (16)
 I - a wand of roots (6)
Scrolls
 f - 2 scrolls of fog
 l - 4 scrolls of identify
 m - 3 scrolls of enchant armour
 s - a scroll of immolation {unknown}
 u - 2 scrolls of enchant weapon
 B - a scroll of brand weapon {unknown}
 D - a scroll of vulnerability {unknown}
 F - 2 scrolls of fear {unknown}
 H - a scroll of noise {unknown}
 M - 2 scrolls of summoning {unknown}
Potions
 d - a potion of might
 g - 3 potions of mutation {unknown}
 h - 3 potions of haste
 i - a potion of attraction {unknown}
 j - 4 potions of curing {unknown}
 k - 3 potions of enlightenment
 n - a potion of degeneration
 r - a potion of berserk rage
 v - a potion of resistance {unknown}
 z - a potion of cancellation {unknown}
 E - 3 potions of brilliance {unknown}


   Skills:
 + Level 7.4 Fighting
 + Level 9.5 Maces & Flails
 - Level 1.0 Throwing
 + Level 7.6 Armour
 + Level 4.3 Dodging
 + Level 3.2 Shields
 + Level 0.1 Evocations


You had 9 spell levels left.
You didn't know any spells.
Your spell library contained the following spells:

 Spells                   Type           Power      Damage    Failure   Level
 Volatile Blastmotes      Fire/Tloc      0%         2d10      77%         3
 Fulminant Prism          Conj/Hex       0%         3d5       99%         4
 Iskenderun's Mystic Bla  Conj/Tloc      0%         2d3       99%         4
 Malign Gateway           Summ/Tloc      0%         N/A       100%        7
 Summon Horrible Things   Summ           0%         N/A       100%        8


Dungeon Overview and Level Annotations

Branches:
Dungeon (11/15)            Temple (0/1) D:5          Bailey (1/1)
   Lair: D:8-11         Orc: D:9-12

Altars:
Nemelex Xobeh
Trog

Shops:
D:2 (

Annotations:
D:5 3 runed translucent doors, PowderKeg's ghost, amateur FeSh
D:7 2 transporters, pigah's ghost, novice OpSh


Innate Abilities, Weirdness & Mutations

You have large cloven feet.
You are surrounded by a moderate repulsion field. (EV +3)
A weak demonic guardian rushes to your aid.


Message History

Your weapon exudes an aura of protection.
The orc warlord hits you with a +5 battleaxe!
* * * LOW HITPOINT WARNING * * *
Unknown command.
Okay, then.
Blink to where?
Press: ? - help, Dir - move target, p - orc warlord
As you read the scroll of blinking, it crumbles to dust.
You draw a card...
You have drawn Wild Magic.
The orc warlord looks faint for a moment!
The orc warlord is poisoned.
You feel a surge of magic.
Unknown command.
Unknown command.
You draw a card...
You have drawn Pain.
Press: ? - help, Shift-Dir - straight line, f - orc warlord
Aim: an orc warlord, wielding a +5 battleaxe and wearing a +0 chain mail (lightly wounded, poisoned)
The orc warlord convulses!
Unknown command.
You draw a card...
You have drawn Wild Magic.
The orc warlord pauses, visibly distraught!!
The orc warlord is drained!
You feel a surge of magic.
Unknown command.
Unknown command.
You draw a card...
You have drawn Degeneration.
The orc warlord evaporates and reforms as something you cannot see!
You feel you are being watched by something.
You feel your power leaking away.
Unknown command.
Things that are here:
a +0 war axe; a +0 plate armour You feel you are being watched by something.
You feel your power leaking away.
You feel you are being watched by something.
You feel you are being watched by something.
Something barely misses you. Something hits you but does no damage.
Deactivating autopickup; reactivate with Ctrl-A.
Something stings you.
You die...
Your body disappears without a glow.

#.).........#......
#..).)......#......
###.........###.....
♣♣♣♣♣♣♣
###.#'#.....###.###...
♣.....♣♣###.....###.###
...###.
♣♣......##......)).###
.... ##
......))#...........#
..... #
........'.).........#
......#
...∩.∩..'.....⌠.@...#
..(...o
........'...........#
..).o.#
♣.......#...........#
..)..##
♣♣......##.........###
..(..##
♣.....♣♣###.....###.###
...###. ♣..♣.♣♣
###.#'#.....###.###...
♣♣♣♣♣♣
###.........###.....
#...........#......
#...........#......


There were no monsters in sight!

Vanquished Creatures
  Eustachio (D:6)
  5 yaks (D:11)
  A steam dragon (D:7)
  2 water moccasins
  8 orc warriors
  A sky beast (D:7)
  2 ice beasts
  5 black bears
  3 ogres
  A phantom (D:6)
  Blork the orc (D:6)
  2 gnoll sergeants (D:5)
  4 scorpions
  10 wights
  4 killer bees (D:7)
  A gnoll bouda (D:5)
  2 hounds
  2 orc priests
  2 sleepcaps (D:6)
  4 iguanas
  9 orc wizards
  18 gnolls
  6 adders
  A shadow imp (D:8)
  2 white imps (D:6)
  6 ufetubi
  A worm (D:2)
  A dart slug (D:1)
  29 orcs
  11 ball pythons
  3 bats
  5 endoplasms
  5 giant cockroaches
  21 goblins
  15 hobgoblins
  4 jackals (D:1)
  2 quokkas
  8 frilled lizards
  6 kobolds
  5 rats
219 creatures vanquished.

Vanquished Creatures (collateral kills)
  A yak (D:11)
  A gnoll sergeant (D:10)
  A jelly (D:4)
  An orc wizard (D:4)
  Robin (D:3)
  2 gnolls (Bailey)
  4 goblins
11 creatures vanquished.

Vanquished Creatures (others)
  An orc warrior (Bailey)
1 creature vanquished.

Grand Total: 231 creatures vanquished

Notes
Turn   | Place    | Note
-------+----------+-------------------------------------------
     0 | D:1      | dialectric the Demonspawn Fighter began the quest for the
                  | Orb.
     0 | D:1      | Reached XP level 1. HP: 18/18 MP: 1/1
   212 | D:1      | Gained mutation: You are surrounded by a mild repulsion
                  | field. (EV +2) [demonic ancestry]
   212 | D:1      | Reached XP level 2. HP: 23/24 MP: 2/2
   461 | D:1      | Reached skill level 2 in Maces & Flails
   710 | D:1      | Gained mutation: You have large cloven feet. [demonic
                  | ancestry]
   710 | D:1      | Reached XP level 3. HP: 27/29 MP: 3/3
   969 | D:2      | Found Jawnib's Antique Weapon Shop.
  1353 | D:2      | Found a faded altar of an unknown god.
  1552 | D:2      | Prayed at the altar of an unknown god.
  1552 | D:2      | Became a worshipper of Nemelex Xobeh the Trickster
  1552 | D:2      | Reached * piety under Nemelex Xobeh
  1730 | D:3      | Gained mutation: A weak demonic guardian rushes to your
                  | aid. [demonic ancestry]
  1730 | D:3      | Reached XP level 4. HP: 35/35 MP: 4/4
  2094 | D:3      | Reached skill level 3 in Maces & Flails
  2122 | D:3      | Noticed Robin
  2264 | D:3      | Killed Robin
  2272 | D:3      | Received a gift from Nemelex Xobeh
  2348 | D:3      | Reached XP level 5. HP: 39/41 MP: 5/5
  2478 | D:4      | Noticed a black bear
  2490 | D:4      | Killed a black bear
  2491 | D:4      | Reached skill level 1 in Dodging
  2639 | D:4      | Noticed a black bear
  2683 | D:4      | Killed a black bear
  2684 | D:4      | Reached XP level 6. HP: 20/48 MP: 6/6
  2853 | D:4      | Reached skill level 4 in Maces & Flails
  3065 | D:4      | Reached ** piety under Nemelex Xobeh
  3101 | D:4      | Received a gift from Nemelex Xobeh
  3182 | D:5      | Entered Level 5 of the Dungeon
  3222 | D:5      | Found a staircase to the Ecumenical Temple.
  3284 | D:5      | Reached XP level 7. HP: 52/54 MP: 7/7
  3451 | D:6      | Reached skill level 5 in Armour
  3453 | D:6      | Reached skill level 5 in Maces & Flails
  3525 | D:6      | Noticed Blork the orc
  3534 | D:6      | Killed Blork the orc
  3596 | D:6      | Gained mutation: You are surrounded by a moderate repulsion
                  | field. (EV +3) [demonic ancestry]
  3596 | D:6      | Reached XP level 8. HP: 56/61 MP: 8/8
  3979 | D:6      | Noticed Eustachio
  4139 | D:6      | Killed Eustachio
  4140 | D:6      | Reached skill level 5 in Fighting
  4152 | D:6      | Received a gift from Nemelex Xobeh
  4264 | D:6      | Reached skill level 6 in Maces & Flails
  4758 | D:5      | Reached skill level 1 in Throwing
  5017 | D:5      | Found a runed translucent gate.
  5017 | D:5      | Found a runed translucent gate.
  5017 | D:5      | Found a runed translucent gate.
  5051 | D:5      | Noticed PowderKeg's ghost (amateur FeSh)
  5141 | D:5      | Found the +5 woodcutter's axe
  5470 | D:6      | Reached skill level 7 in Maces & Flails
  5470 | D:6      | Reached XP level 9. HP: 21/68 MP: 9/9
  5636 | D:7      | Reached *** piety under Nemelex Xobeh
  6037 | D:7      | Received a gift from Nemelex Xobeh
  6153 | D:7      | Reached skill level 8 in Maces & Flails
  6226 | D:7      | Noticed pigah's ghost (novice OpSh)
  6226 | D:7      | Noticed a moth of wrath
  6227 | D:7      | Found a bloodstained altar of Trog.
  6234 | D:7      | Found a transporter.
  6242 | D:7      | Found a transporter.
  6915 | D:8      | You fall into a shaft and drop 3 floors!
  6969 | D:11     | Reached XP level 10. HP: 57/77 MP: 10/10
  6996 | D:11     | Reached skill level 9 in Maces & Flails
  7200 | D:10     | Entered Level 10 of the Dungeon
  7261 | D:10     | Found a flagged portal.
  7280 | Bailey   | Entered a bailey
  7872 | Bailey   | Noticed an orc warlord
  7944 | Bailey   | HP: 1/79 [orc warlord/+5 battleaxe (14)]
  7949 | Bailey   | an orc warlord changed into something unseen
  7954 | Bailey   | Slain by a ghost moth

Illustrated notes

Levels and vault maps discovered:
D:1:      zelgadis_glass_arrival_small, layout_basic, minmay_liquid_box,
          serial_park_tiny_2
D:2:      layout_rooms, shapermc_ecumenical_altar_mp_ritualfount, serial_glass,
          glass_columns_b, glass_columns_a, serial_shops, shop
D:3:      layout_rooms, minmay_fractal_squares_diagonal_5, uniq_robin
D:4:      layout_basic, uniq_crazy_yiuf_cottage
D:5:      layout_rooms, minmay_temple_entry_butterflies, gammafunk_ghost_icy,
          pf_guarded_unrand_woodcutter
D:6:      layout_loops_ring, uniq_eustachio, uniq_blork_the_orc
D:7:      layout_basic, gammafunk_ghost_wrathful_warriors, grunt_ministairs_3,
          nicolae_concentric_dashed_squares_wild, hex_large
D:8:      layout_rooms, mainiacjoe_overflow_alcove_3, minmay_holes
D:10:     layout_big_octagon, enter_bailey_2
D:11:     layout_basic, billiards_dpeg, uniq_harold
Bailey:   bailey_axe_minmay_hex_keep, bailey

Skill      XL: |  1  2  3  4  5  6  7  8  9 10 |
---------------+-------------------------------+-----
Armour         | 3 4 5 6 7 |  7.6
Maces & Flails | 2 3 4 5 7 8 9 |  9.5
Shields        | 3 |  3.2
Dodging        | 1 2 4 |  4.3
Fighting       | 4 5 6 7 |  7.4
Throwing       | 1 |  1.0
Evocations     | |  0.1

Action                     |  1- 3 |  4- 6 |  7- 9 | 10-12 || total
---------------------------+-------+-------+-------+-------++-------
  Melee: Flail             |   110 |   156 |   439 |   165 ||   870
         Kick              |     6 |    47 |    39 |       ||    92
         Punch             |     1 |       |     5 |     5 ||    11
  Throw: Dart              |       |     2 |     5 |    12 ||    19
         Javelin           |       |       |     1 |       ||     1
         Throwing net      |       |       |       |     2 ||     2
 Invoke: Draw Destruction  |       |       |     3 |     6 ||     9
         Draw Escape       |       |       |       |     2 ||     2
         Draw Summoning    |       |       |       |     1 ||     1
  Evoke: Wand              |       |       |       |     5 ||     5
    Use: Scroll            |       |     3 |     5 |     4 ||    12
         Potion            |       |       |     3 |     3 ||     6
 Armour: Scale mail        |    76 |   164 |   324 |       ||   564
         Steam dragon scal |       |       |    51 |    99 ||   150
  Dodge: Dodged            |    66 |   117 |   406 |   116 ||   705
  Block: Other             |       |       |   132 |    42 ||   174

Table legend: (Time is in decaauts)
 A = Elapsed time spent in this place.
 B = Non-inter-level travel time spent in this place.
 C = Inter-level travel time spent in this place.
 D = Time resting spent in this place.
 E = Time spent auto-exploring this place.
 F = Levels seen in this place.
 G = Mean time per level.
                   A        B        C        D        E       F      G
               +--------+--------+--------+--------+--------+-----+--------+
         Total |   8025 |   7743 |    282 |    503 |   4807 |  11 |  729.5 |
       Dungeon |   7360 |   7078 |    282 |    503 |   4456 |  10 |  736.0 |
        Bailey |    664 |    664 |      0 |      0 |    351 |   1 |  664.0 |
               +--------+--------+--------+--------+--------+-----+--------+

Top non-repeatable levels by time:
     D:6: 1625 daAuts
     D:1: 1089 daAuts
     D:7: 1016 daAuts
     D:5: 878 daAuts
     D:3: 818 daAuts
     D:4: 716 daAuts
  Bailey: 664 daAuts
     D:2: 627 daAuts
    D:11: 282 daAuts
     D:8: 228 daAuts
    D:10: 78 daAuts
